 Dungeon Crawl Stone Soup version 0.19-a0-1261-g420a265 (webtiles) character file.

203 Banto the Skirmisher (level 5, -3/48 HPs)
             Began as a Demigod Wanderer on Aug 29, 2016.
             Killed by divine providence
             ... invoked by an orc priest
              (12 damage)
             ... on level 3 of the Dungeon.
             The game lasted 00:03:51 (2019 turns).

Banto the Skirmisher (Demigod Wanderer)             Turns: 2019, Time: 00:03:51

Health: -3/48      AC:  6    Str: 14    XL:     5   Next: 26%
Magic:  0/7        EV:  9    Int: 22    God:
Gold:   129        SH:  0    Dex: 14    Spells: 0 memorised, 4 levels left

rFire  . . .     SeeInvis .     h - +3 hand axe (freeze)
rCold  . . .     Gourm    .     a - +0 scale mail
rNeg   . . .     Faith    .     (no shield)
rPois  .         Spirit   +     (no helmet)
rElec  .         Dismiss  .     (no cloak)
rCorr  .         Reflect  .     (no gloves)
MR     .....     Harm     .     (no boots)
Stlth  +.........               q - amulet of guardian spirit
                                o - ring of wizardry
                                i - +2 ring of intelligence

@: no status effects
A: high mp 1
a: no special abilities


You were on level 3 of the Dungeon.
You were hungry.

You visited 1 branch of the dungeon, and saw 3 of its levels.

You collected 129 gold pieces.

Inventory:

Hand Weapons
 h - a +3 hand axe of freezing (weapon)
Armour
 a - a +0 scale mail (worn)
 j - a +0 buckler
 p - a +4 chain mail of poison resistance
Jewellery
 i - a +2 ring of intelligence (left hand)
 o - a ring of wizardry (right hand)
 q - an amulet of guardian spirit (around neck)
Scrolls
 c - 3 scrolls of teleportation
 e - 2 scrolls of fog
 k - a scroll of remove curse
 l - 3 scrolls of magic mapping
Potions
 d - a potion of curing
 m - a potion of cure mutation
 n - 2 potions of brilliance
Books
 b - a book of Power

   Spells                             Type                      Level
   a - Fulminant Prism                Conjuration/Hexes            4
   b - Iskenderun's Mystic Blast      Conjuration                  4
   c - Venom Bolt                     Conjuration/Poison           5
   d - Bolt of Magma                  Conjuration/Fire/Earth       5
   e - Iron Shot                      Conjuration/Earth            6
   f - Orb of Destruction             Conjuration                  7
   g - Spellforged Servitor           Conjuration/Summoning        7
Comestibles
 f - 3 bread rations
 g - a meat ration


   Skills:
 + Level 5.3 Fighting
   Level 1.0 Short Blades
 - Level 1.7 Axes
 - Level 1.7 Dodging
 - Level 1.7 Stealth
 - Level 1.0 Shields


You had 4 spell levels left.
You didn't know any spells.

Dungeon Overview and Level Annotations

Branches:
Dungeon (3/15)

Annotations:
D:2 Sigmund


Innate Abilities, Weirdness & Mutations

You have an increased reservoir of magic. (+10% MP)


Message History

The orc priest invokes the aid of Beogh against you.
You struggle to resist.
You take 5 damage, and have 17/48 hp.
You now have 2/7 mp.
You barely miss the orc priest.
The orc priest is moderately wounded.
The orc priest closely misses you.
You hit the orc priest. You freeze the orc priest.
The orc priest is heavily wounded.
The orc priest closely misses you.
You closely miss the orc priest.
The orc priest is heavily wounded.
The orc priest invokes the aid of Beogh against you.
Beogh smites you!
* * * LOW HITPOINT WARNING * * *
You take 8 damage, and have 9/48 hp.
You now have 2/7 mp.
You hit the orc priest. You freeze the orc priest.
The orc priest is almost dead.
The orc priest calls down the wrath of Beogh upon you.
Beogh smites you!
You die...

#. #....## #..#.#...#
.........# . ###.####.#
.. ##.....##.# #######
...# #.......#.###......
.....#.......#.....#####
......)o._......##....<#
#)@.....#.#########
#.......#.# #.....#
##.....##.# #.###.#
###.####.# #...#.#
.........# ###.#.#
#####....# #...#.#
#...####.....#
######.##....#####
.........#.##.#...#


You could see an orc priest.

Vanquished Creatures
  Ijyb (D:2)
  An orc wizard (D:3)
  Terence (D:2)
  A hound skeleton (D:3)
  4 adders (D:2)
  An ooze (D:1)
  A worm (D:2)
  A dart slug (D:1)
  2 giant geckos
  7 orcs (D:3)
  5 bats
  13 giant cockroaches
  4 goblins
  2 hobgoblins (D:1)
  3 jackals (D:3)
  2 giant newts
  8 kobolds
  11 rats
68 creatures vanquished.

Notes
Turn   | Place    | Note
-------+----------+-------------------------------------------
     0 | D:1      | Banto the Demigod Wanderer began the quest for the Orb.
     0 | D:1      | Banto set off with: a +2 hand axe, a +0 quarterstaff, a scroll of teleportation, a +0 robe, a +0 dagger, a bread ration
     0 | D:1      | Reached XP level 1. HP: 17/17 MP: 3/3
    54 | D:1      | Reached skill level 2 in Fighting
   220 | D:1      | Reached XP level 2. HP: 25/25 MP: 4/4
   440 | D:1      | Reached skill level 3 in Fighting
   532 | D:2      | Noticed Sigmund
   981 | D:2      | Found a faded altar of an unknown god.
   989 | D:2      | Reached XP level 3. HP: 31/31 MP: 5/5
  1003 | D:2      | Found a shadowy altar of Dithmenos.
  1087 | D:2      | Noticed Terence
  1106 | D:2      | Killed Terence
  1106 | D:2      | Reached skill level 4 in Fighting
  1372 | D:2      | Reached XP level 4. HP: 30/40 MP: 6/6
  1403 | D:2      | Found a glowing golden altar of the Shining One.
  1642 | D:2      | Noticed Ijyb
  1653 | D:2      | Killed Ijyb
  1859 | D:3      | Found a shattered altar of Ashenzari.
  2005 | D:3      | Reached skill level 5 in Fighting
  2005 | D:3      | Reached XP level 5. HP: 32/48 MP: 4/7
  2019 | D:3      | Killed from afar by an orc priest

Vault maps used:
D:1:      scummos_arrival_forest
D:2:      minmay_roachtagon, nicolae_tso_swordbearing_angel, ecumenical_altar_1,
          grunt_dithmenos_smoke_and_mirrors, uniq_terence, uniq_iyjb,
          uniq_sigmund
D:3:      old_standard_altar

Skill      XL: |  1  2  3  4 |
---------------+-------------+-----
Fighting       | 2 3 4 5 |  5.3
Short Blades   | |  1.0
Axes           | |  1.7
Dodging        | |  1.7
Stealth        | |  1.7
Shields        | |  1.0

Action                   |  1- 3 |  4- 6 || total
-------------------------+-------+-------++-------
Melee: Hand axe          |   116 |    62 ||   178
  Use: Scroll            |     6 |       ||     6
       Potion            |     3 |       ||     3
  Eat: Chunk             |     1 |     2 ||     3
Armor: Ring mail         |    53 |     3 ||    56
       Scale mail        |       |    24 ||    24
Dodge: Dodged            |    69 |    36 ||   105

Table legend:
 A = Turns spent in this place as a percentage of turns spent in the entire game.
 B = Non-inter-level travel turns spent in this place as a percentage of non-inter-level travel turns spent in the entire game.
 C = Inter-level travel turns spent in this place as a percentage of turns spent in this place.
 D = Turns resting spent in this place as a percentage of non-inter-level travel turns spent in this place.
 E = Turns spent auto-exploring this place as a percentage of non-inter-level travel turns spent in this place.
 F = Non-inter-level travel turns spent in this place divided by the number of levels of this place that you've seen.
                   A       B       C       D       E      F
               +-------+-------+-------+-------+-------+----------------------
         Total | 100.0 | 100.0 |   0.5 |   3.5 |   9.8 | 244.7
       Dungeon | 100.0 | 100.0 |   0.5 |   3.5 |   9.8 | 244.7
               +-------+-------+-------+-------+-------+----------------------

Table legend:
 A = Kills in this place as a percentage of kills in entire the game.
 B = Kills by you in this place as a percentage of kills by you in the entire game.
 C = Kills by friends in this place as a percentage of kills by friends in the entire game.
 D = Other kills in this place as a percentage of other kills in the entire game.
 E = Experience gained in this place as a percentage of experience gained in the entire game.
 F = Experience gained in this place divided by the number of levels of this place that you have seen.
                   A       B       C       D       E      F
               +-------+-------+-------+-------+-------+----------------------
         Total | 100.0 | 100.0 |  -nan |  -nan | 100.0 |  96.7
       Dungeon | 100.0 | 100.0 |  -nan |  -nan | 100.0 |  96.7
               +-------+-------+-------+-------+-------+----------------------
